cohdb
Replays
Latest Replays
All Replays
Popular Replays
Top Player Replays
Match Explorer
How It Works
Community
CoH3 Stats
Reddit
Sign in to upload your games and track your stats! →
Sign in with Steam
Match 45531480
Unlisted
Match 45531480
Overview
Messages
Build Orders
End
Construct Infanterie Kompanie
Grenadier Squad
Grenadier Squad
Grenadier Squad
MG 42 Machine Gun Team
Infanterie Officer Quarters
Medical Station
MG 42 Machine Gun Team
Construct Luftwaffe Kompanie
Support Elements
Selects Mechanized Battlegroup
Selects Spotting Scopes
Selects Stoßtruppen Assault Package
Marder III M Tank Destroyer
Marder III M Tank Destroyer
Construct Panzer Kompanie
Stoßtruppen Squad
Selects Zeroing Artillery Barrage
Selects Raid Package
Zeroing Artillery Barrage
Stoßtruppen Squad
Sturmpanzer IV Brummbär
Panzer Officer Quarters
Side Skirts
Zeroing Artillery Barrage
entalp99
crywo1f
Flammable
jnowicki094
0
0
Comments
sign in to comment!
No comments posted yet!